Map: Acid Plant LE

Players

RuFF - Winner!

  • Race: Terran Terran
  • League: Grandmaster
  • Spawn Location: 5:00

A.I. 2 (Very Easy)

  • Race: Zerg Zerg
  • Spawn Location: 11:00

VOD

Have the link to the VOD?

Description

Time

  • Played on: Feb. 26, 2018, 5:32 p.m.
  • Length: 5:55
Show
View Real Time Build Order
Export as new Build Order

RuFF Terran - Winner!

Build Orders: Cyclone Opening 

Get SALT Encoding   

  12  0:00  SCV  
  13  0:13  SCV  
  14  0:17  Supply Depot  
  14  0:25  SCV  
  15  0:29  Refinery  
  15  0:39  SCV  
  16  0:45  Barracks  
  16  0:51  SCV  
  16  0:55  Refinery  
  17  1:03  SCV  
  18  1:20  SCV  
  19  1:33  Orbital Command  
  19  1:35  Factory, Barracks Reactor  
  19  1:44  Supply Depot  
  19  1:59  SCV  
  20  2:13  SCV  
  23  2:22  Armory  
  21  2:26  Hellion  
  21  2:27  SCV, Hellion  
  26  2:30  Barracks Reactor  
  26  2:38  Supply Depot  
  26  2:39  SCV  
  27  2:48  Cyclone  
  30  2:55  SCV  
  31  3:00  Cyclone  
  34  3:06  Marine x2  
  34  3:07  SCV  
  34  3:10  Terran Vehicle Weapons Level 1  
  37  3:17  Supply Depot  
  37  3:27  Marine x2  
  39  3:38  Cyclone  
  40  3:41  Cyclone  
  40  3:45  Marine x2  
  43  3:50  Supply Depot  
  43  4:03  Marine  
  43  4:04  Marine  
  45  4:11  Cyclone  
  45  4:13  Cyclone, Supply Depot  
  51  4:21  Marine x2  
  53  4:24  Supply Depot  
  53  4:29  SCV  
  54  4:39  Marine x2  
  54  4:42  SCV  
  57  4:48  Cyclone  
  60  4:53  Cyclone  
  60  4:57  SCV  
  64  5:00  Marine  
  64  5:03  Marine  
  66  5:11  SCV  
  67  5:21  Cyclone  
Show
View Real Time Build Order
Export as new Build Order

A.I. 2 (Very Easy) Zerg 

Build Orders: Pool Only 

Get SALT Encoding   

  12  0:01  Drone  
  13  0:12  Overlord  
  13  0:16  Drone  
  14  0:36  Spawning Pool  
  14  0:37  Extractor  
  14  0:39  Drone  
  13  0:47  Drone  
  14  0:53  Overlord  
  14  1:23  Zergling x2  
  14  1:25  Queen  
  17  1:33  Roach Warren  
  17  1:36  Drone  
  17  1:40  Extractor  
  17  1:43  Zergling x2  
  17  1:44  Drone  
  18  1:57  Drone  
  19  2:04  Zergling x2  
  19  2:08  Drone  
  21  2:19  Drone  
  22  2:29  Drone  
  23  2:32  Overlord  
  23  2:36  Drone  
  24  2:44  Drone  
  25  3:24  Zergling x2  
  23  3:35  Drone  
  21  3:43  Drone  
  21  3:45  Zergling x2  
  23  3:50  Drone  
  24  4:06  Zergling x2  
  25  4:54  Zergling x2  
  25  5:25  Zergling x2  
  25  5:35  Drone  
  22  5:42  Drone  
Tags
 
Add a new tag
Caveats
  • Supply blocks, unpowered buildings, or Contaminate may cause inaccurate times.
  • Supply counts are checked every 10 seconds.